 Dungeon Crawl Stone Soup version 0.28.0-45-g0d030f2227 (webtiles) character file.

Game seed: 2926126758453271615

1698 YorkGangsta the Purveyor of Pain (level 8, -11/36 HPs)
             Began as a Deep Elf Necromancer on May 25, 2022.
             Was an Initiate of Kikubaaqudgha.
             Mangled by a hornet (12 damage)
             ... on level 7 of the Dungeon.
             The game lasted 00:57:15 (8958 turns).

YorkGangsta the Purveyor of Pain (DENe)             Turns: 8958, Time: 00:57:18

Health: -11/36     AC:  3    Str:  7    XL:     8   Next: 72%
Magic:  14/16      EV: 13    Int: 23    God:    Kikubaaqudgha [......]
Gold:   261        SH:  5    Dex: 15    Spells: 9/15 levels left

rFire   + . .      SeeInvis +   v - +7 quarterstaff "Qos Isia" {spect, rF+}
rCold   . . .      Faith    .   (shield currently unavailable)
rNeg    . . .      Spirit   .   a - +0 robe
rPois   .          Reflect  +   u - +0 hat
rElec   .          Harm     .   (no cloak)
rCorr   +          Rampage  .   (no gloves)
Will    .....                   y - +0 pair of boots
Stlth   ++........              h - amulet of reflection
HPRegen 0.12/turn               i - ring of resist corrosion
MPRegen 0.15/turn               t - ring of see invisible

@: lethally poisoned (-11 -> -16)
A: frail 1, strong 1
a: Renounce Religion


You were on level 7 of the Dungeon.
You worshipped Kikubaaqudgha.
Kikubaaqudgha was noncommittal.
You visited 2 branches of the dungeon, and saw 9 of its levels.

You collected 261 gold pieces.

Inventory:

Hand Weapons
 b - a +0 dagger
 j - the +7 war axe of Ixise {speed, rN++ Str+7 Stlth-}
   (You found it on level 2 of the Dungeon)

   Attacks with this weapon are significantly faster.
   Str:       It affects your strength (+7).
   rN:        It greatly protects you from negative energy.
   Stlth:     It makes you less stealthy.
 n - a +2 club
 p - a +5 falchion
 v - the +7 quarterstaff "Qos Isia" (weapon) {spect, rF+}
   (You found it on level 6 of the Dungeon)

   When its wielder attacks, the weapon's spirit leaps out and strikes again.
   The spirit shares a part of any damage it takes with its wielder.
   rF:        It protects you from fire.
 w - a +0 hand crossbow
Missiles
 d - a throwing net
 g - 7 poisoned darts
Armour
 a - a +0 robe (worn)
 u - a +0 hat (worn)
 y - a +0 pair of boots (worn)
Jewellery
 h - an amulet of reflection (around neck)
 i - a ring of resist corrosion (left hand)
 m - a ring of flight
 t - a ring of see invisible (right hand)
Wands
 l - a wand of acid (6)
 o - a wand of flame (20)
 s - a wand of paralysis (2)
Scrolls
 e - a scroll of teleportation
 f - 2 scrolls of amnesia
 k - 2 scrolls of immolation
 q - a scroll of magic mapping
 r - 2 scrolls of vulnerability
 B - a scroll of acquirement {unknown}
Potions
 c - 2 potions of flight
 x - 2 potions of haste
 z - 2 potions of cancellation
 A - a potion of experience {unknown}


   Skills:
 - Level 3.3 Dodging
 - Level 3.4 Stealth
 - Level 4.0 Spellcasting
 * Level 13.4 Necromancy


You had 9 spell levels left.
You knew the following spells:

 Your Spells              Type           Power      Damage    Failure   Level
a - Pain                  Necr           100%       1d9       1%          1
b - Animate Skeleton      Necr           100%       N/A       1%          1
c - Animate Dead          Necr           30%        N/A       1%          4

Your spell library contained the following spells:

 Spells                   Type           Power      Damage    Failure   Level
 Vampiric Draining        Necr           60%        2d10      1%          3
 Agony                    Necr           60%        N/A       1%          5
 Shock                    Conj/Air       16%        1d4       11%         1
 Summon Small Mammal      Summ           16%        N/A       11%         1
 Call Canine Familiar     Summ           4%         N/A       30%         3
 Summon Guardian Golem    Hex/Summ       4%         N/A       30%         3
 Swiftness                Air            4%         N/A       30%         3
 Airstrike                Air            2%         N/A       71%         4


Dungeon Overview and Level Annotations

Branches:
Dungeon (8/15)             Temple (1/1) D:6
   Lair: D:8-11

Altars:
Ashenzari
Dithmenos
Elyvilon
Fedhas
Gozag
Hepliaklqana
Kikubaaqudgha
Makhleb
Nemelex Xobeh
Qazlal
Sif Muna
Trog
Vehumet
Wu Jian
Xom
Yredelemnul
Zin
The Shining One

Shops:
D:3 :   D:6 [

Annotations:
D:3 Sigmund
D:6 Prince Ribbit


Innate Abilities, Weirdness & Mutations

You are frail. (-10% HP)
Your muscles are strong. (Str +2)


Message History

The bullfrog releases a deep croak.
Aiming: Pain (safe; 1% risk of failure)
Press: ? - help, Q - select action, (/) - cycle Shift-Dir - straight line, f/p - bullfrog
Aim: a bullfrog (moderately wounded, chance to affect: 83%)
The bullfrog writhes in agony.
The bullfrog closely misses you. The bullfrog hits you.
You sock the bullfrog!
The bullfrog is almost dead.
Your +7 quarterstaff "Qos Isia" {spect, rF+} hits the bullfrog!
You kill the bullfrog!
Kikubaaqudgha accepts your kill.
You now have 261 gold pieces (gained 22).
A hornet comes into view.
Aiming: Pain (safe; 1% risk of failure)
Press: ? - help, Q - select action, (/) - cycle Shift-Dir - straight line, f - hornet
Aim: a hornet (asleep, chance to affect: 77%)
The hornet buzzes angrily.
The hornet writhes in agony!
A hornet is nearby!
Aiming: Pain (safe; 1% risk of failure)
Press: ? - help, Q - select action, (/) - cycle Shift-Dir - straight line, f/p - hornet
Aim: a hornet (moderately wounded, chance to affect: 77%)
The hornet writhes in agony!
The hornet stings you!
You are poisoned.
You feel yourself slow down.
You miss the hornet.
The hornet is heavily wounded.
You feel very sick. The hornet misses you. The hornet stings you!
* * * LOW HITPOINT WARNING * * *
You feel as though you will be slow longer.
The hornet barely misses you.
Memorise Vampiric Draining, consuming 3 spell levels and leaving 6?
You feel yourself speed up.
Your memorisation is interrupted.
* * * LOW HITPOINT WARNING * * *
You feel sick. The hornet stings you!
You die...
Kikubaaqudgha rasps: "You have failed me!
Welcome... death!"

## .## #.##
##.####### ########
##......# #......#
##.#####.###.####.#
#.## #.......##.#
.## #####.#.##.# ##
#...y@.# #######
###.#### .......
..... ....... ..#
#.. ....... #. ..#
....... # .#
....... .......
.......


You could see a hornet.

Vanquished Creatures
  A vampire (D:6)
  2 water moccasins
  Duvessa (D:6)
  A sky beast (D:6)
  A black bear (D:6)
  An ogre (D:6)
  A necrophage (D:6)
  3 bullfrogs
  A water moccasin zombie (D:6)
  Dowan (D:6)
  A centaur zombie (D:6)
  An orc priest (D:6)
  2 hounds (D:5)
  A jelly (D:5)
  Crazy Yiuf (D:5)
  An iguana (D:6)
  Jessica (D:3)
  2 orc wizards (D:4)
  Ijyb (D:5)
  Terence (D:3)
  A howler monkey zombie (D:7)
  A howler monkey skeleton (D:7)
  7 gnolls
  6 adders
  2 ufetubi (D:6)
  2 adder skeletons
  A dart slug (D:4)
  12 orcs
  5 endoplasms
  3 giant cockroaches
  5 goblins
  7 hobgoblins
  5 jackals
  4 quokkas
  4 ball pythons
  3 bats (D:1)
  4 frilled lizards (D:1)
  6 kobolds
  3 rats (D:3)
106 creatures vanquished.

Vanquished Creatures (others)
  8 plants (D:5)
8 creatures vanquished.

Grand Total: 114 creatures vanquished

Notes
Turn   | Place    | Note
-------+----------+-------------------------------------------
     0 | D:1      | YorkGangsta the Deep Elf Necromancer began the quest for
                  | the Orb.
     0 | D:1      | Reached XP level 1. HP: 10/10 MP: 6/6
    94 | D:1      | Found a faded altar of an unknown god.
   145 | D:1      | Reached skill level 5 in Necromancy
   145 | D:1      | Reached XP level 2. HP: 8/15 MP: 1/8
   916 | D:1      | Reached XP level 3. HP: 14/19 MP: 5/10
   922 | D:1      | Gained mutation: Your muscles are strong. (Str +2) [potion
                  | of mutation]
   922 | D:1      | Gained mutation: You are frail. (-10% HP) [potion of
                  | mutation]
  1836 | D:2      | Identified the +7 war axe of Ixise {speed, rN++ Str+7
                  | Stlth-}
  2305 | D:3      | Reached XP level 4. HP: 16/21 MP: 8/12
  2311 | D:3      | Learned a level 1 spell: Animate Skeleton
  2316 | D:3      | Learned a level 4 spell: Animate Dead
  2457 | D:3      | Noticed a bullfrog
  2467 | D:3      | Killed a bullfrog
  2468 | D:3      | Reached skill level 6 in Necromancy
  2468 | D:3      | Reached XP level 5. HP: 6/25 MP: 9/13
  2830 | D:3      | Noticed Jessica
  2834 | D:3      | Killed Jessica
  2860 | D:3      | Noticed Terence
  2864 | D:3      | Killed Terence
  2865 | D:3      | Reached skill level 7 in Necromancy
  3211 | D:3      | Noticed Sigmund
  4019 | D:4      | Reached XP level 6. HP: 17/28 MP: 4/14
  4267 | D:5      | Entered Level 5 of the Dungeon
  4267 | D:5      | Noticed Ijyb
  4301 | D:5      | Reached skill level 8 in Necromancy
  4597 | D:5      | Killed Ijyb
  5429 | D:5      | Found a runed translucent door.
  5430 | D:5      | Noticed Crazy Yiuf
  5437 | D:5      | Killed Crazy Yiuf
  5667 | D:6      | Found Puixocw's Armour Emporium.
  5672 | D:6      | Noticed a sky beast
  5682 | D:6      | Reached skill level 9 in Necromancy
  6167 | D:3      | Reached XP level 7. HP: 24/32 MP: 9/15
  6315 | D:3      | Found Rirorphi's Book Emporium.
  6591 | D:6      | Identified the +7 quarterstaff "Qos Isia" {spect, rF+}
  6926 | D:6      | Reached skill level 10 in Necromancy
  7279 | D:7      | Reached skill level 11 in Necromancy
  7381 | D:6      | Reached XP level 8. HP: 33/36 MP: 12/16
  7390 | D:6      | Found a white marble altar of Elyvilon.
  7612 | D:6      | Found a staircase to the Ecumenical Temple.
  7835 | D:6      | Noticed Duvessa
  7837 | D:6      | Noticed Dowan
  7839 | D:6      | Killed Duvessa
  7840 | D:6      | Reached skill level 12 in Necromancy
  7844 | D:6      | Killed Dowan
  8250 | Temple   | Entered the Ecumenical Temple
  8464 | Temple   | Became a worshipper of Kikubaaqudgha
  8515 | D:6      | Reached skill level 13 in Necromancy
  8627 | D:6      | Found a blossoming altar of Fedhas.
  8791 | D:6      | Noticed Prince Ribbit
  8953 | D:7      | Noticed a hornet
  8958 | D:7      | HP: 1/36 [poisoned by a hornet]
  8958 | D:7      | Mangled by a hornet

Illustrated notes

Levels and vault maps discovered:
D:1:      lightli_iron_boxes, layout_loops_corners,
          shapermc_ecumenical_altar_starsandcircs, st_stairs_3
D:2:      layout_loops_ring, minmay_misc_feat_nine_boxes, st_stairs_13
D:3:      layout_basic, serial_glass, glass_columns_b, glass_columns_c,
          glass_columns_b, glass_columns_a, glass_columns_b, glass_columns_a,
          serial_shops, shop, minivault_25, uniq_jessica, uniq_terence,
          uniq_sigmund
D:4:      layout_loops_cross
D:5:      layout_loops_ring, serial_bayou, serial_bayou_pond_a,
          serial_bayou_shore_a, serial_bayou_ford_a, serial_bayou_pond_d,
          item_on_display_a, uniq_ijyb, uniq_crazy_yiuf_cottage
D:6:      layout_rooms, mainiacjoe_overflow_big_doors, temple_fountains,
          serial_shops, shop, uniq_duvessa, uniq_prince_ribbit1
D:7:      layout_loops_cross
D:8:      layout_basic, hangedman_ru_absence
Temple:   mainiacjoe_temple_bowtie_tessellation

Skill      XL: |  1  2  3  4  5  6  7  8 |
---------------+-------------------------+-----
Necromancy     | 5 6 7 9 11 13 | 13.4
Stealth        | 3 |  3.4
Dodging        | 3 |  3.3
Spellcasting   | 4 |  4.0

Action                   |  1- 3 |  4- 6 |  7- 9 || total
-------------------------+-------+-------+-------++-------
Melee: Dagger            |    13 |       |       ||    13
       War axe           |     2 |    25 |     5 ||    32
       Punch             |       |     1 |       ||     1
       Quarterstaff      |       |       |    32 ||    32
Throw: Dart              |       |     1 |       ||     1
 Cast: Pain              |    60 |    88 |    41 ||   189
       Animate Skeleton  |       |     1 |       ||     1
       Animate Dead      |       |     3 |     3 ||     6
Evoke: Wand              |       |       |    11 ||    11
  Use: Scroll            |     2 |     6 |     3 ||    11
       Potion            |     1 |     3 |     1 ||     5
Armor: Robe              |     2 |     3 |     2 ||     7
Dodge: Dodged            |    16 |    36 |    33 ||    85
Block: Other             |       |     5 |     5 ||    10
